 Dungeon Crawl Stone Soup version 0.32-a0-485-g70f7560b1c (webtiles) character file.

Game seed: 4686370097220890884

604 indyram44 the Twirler (level 7, -1/51 (52) HPs)
             Began as a Demonspawn Gladiator on Feb 26, 2024.
             Slain by a wight
             ... wielding a +4 halberd of freezing
              (10 damage)
             ... on level 5 of the Dungeon.
             The game lasted 00:18:38 (3865 turns).

indyram44 the Twirler (Demonspawn Gladiator)        Turns: 3865, Time: 00:18:38

HP:   -1/51 (52)    AC: 13    Str: 14    XL:     7   Next: 18%
MP:   9/9           EV: 10    Int:  8    God:
Gold: 214           SH:  0    Dex: 17    Spells: 6/6 levels left

rFire   . . .        a - +0 quarterstaff
rCold   . . .        (shield currently unavailable)
rNeg    . . .        x - +0 scale mail
rPois   .            c - +0 helmet
rElec   .            (no cloak)
rCorr   .            s - +2 pair of gloves
SInv    .            (no boots)
Will    .....        (no amulet) Stlth
                     (no ring)
HPRegen 0.28/turn    (no ring)
MPRegen 0.11/turn

%: no passive effects
@: lightly drained
A: hooves 2, yellow scales 1, demonic guardian 1, spiny 1
a: no special abilities


You were on level 5 of the Dungeon.
You visited 1 branch of the dungeon, and saw 5 of its levels.
You also visited: Sewer.

You collected 214 gold pieces.

Inventory:

Hand Weapons
 a - a +0 quarterstaff (weapon)
Missiles
 d - 2 throwing nets
 e - a javelin
 h - 10 poisoned darts (quivered)
Armour
 b - a +0 plate armour
 c - a +0 helmet (worn)
 i - a +0 ring mail
 s - a +2 pair of gloves (worn)
 x - a +0 scale mail (worn)
Wands
 t - a wand of roots (9)
Scrolls
 g - 7 scrolls of identify {unknown}
 m - 2 scrolls of blinking {unknown}
 n - a scroll of revelation {unknown}
 o - a scroll of teleportation {unknown}
 r - a scroll of immolation {unknown}
 u - a scroll of enchant weapon {unknown}
 v - a scroll of poison {unknown}
Potions
 f - a potion of magic
 j - a potion of might {unknown}
 k - a potion of curing
 l - 2 potions of haste {unknown}
 p - 2 potions of enlightenment
 q - a potion of invisibility {unknown}
 w - a potion of brilliance {unknown}


   Skills:
 + Level 3.4 Fighting
 * Level 4.3 Staves
 - Level 2.0 Throwing
 * Level 3.1 Armour
 + Level 3.6 Dodging
 + Level 2.1 Earth Magic
 + Level 3.0 Invocations


You had 6 spell levels left.
You didn't know any spells.
Your spell library contained the following spells:

 Spells                   Type           Power      Damage    Failure   Level
 Freeze                   Ice            0%         1d3       87%         1
 Stone Arrow              Conj/Erth      2%         3d7       98%         3
 Frozen Ramparts          Ice            0%         1d1       99%         3
 Hailstorm                Conj/Ice       0%         3d5       99%         3
 Animate Armour           Summ/Erth      2%         N/A       100%        4
 Lehudib's Crystal Spear  Conj/Erth      0%         10d2      100%        8


Dungeon Overview and Level Annotations

Branches:
Dungeon (5/15)              Sewer (visited)
 Temple: D:4-7

Altars:


Innate Abilities, Weirdness & Mutations

You have hoof-like feet.
You are partially covered in yellow scales. (AC +2)
A weak demonic guardian rushes to your aid.
You are partially covered in sharp spines.


Message History

You kill the gnoll!
You see here a +0 whip.
There is a stone staircase leading down here.
You start resting.
Your attacks no longer feel as feeble.
You start resting.
HP restored.
You climb downwards.
The gnoll bouda barely misses you. The gnoll bouda misses you.
There is a stone staircase leading up here.
You sock the gnoll bouda! Your kick misses the gnoll bouda.
The gnoll bouda is moderately wounded.
The gnoll bouda gazes fiercely through you!
You feel your attacks grow feeble.
The gnoll bouda is struck by your spines.
The gnoll bouda hits you but does no damage.
You hit the gnoll bouda. You kick the gnoll bouda.
The gnoll bouda is almost dead.
The gnoll bouda mumbles some strange prayers to its god.
The gnoll bouda is healed somewhat.
You hit the gnoll bouda. You kick the gnoll bouda.
The gnoll bouda is almost dead.
The gnoll bouda barely misses you. The wight barely misses you.
You hit the gnoll bouda.
You kill the gnoll bouda!
The wight hits you from afar with a +4 halberd of freezing!
The wight freezes you.
Your attacks no longer feel as feeble.
The wight hits you with a +4 halberd of freezing.
The wight freezes you.
You hit the wight but do no damage.
The wight hits you with a +4 halberd of freezing!
You feel drained.
* * * LOW HITPOINT WARNING * * *
The wight freezes you.
* * * LOW HITPOINT WARNING * * *
A demonic guardian appears!
You hit the wight but do no damage. You kick the wight, but do no damage.
The wight hits you with a +4 halberd of freezing!
You die...

#...........##........
###.....................
#..).....†......##.....#
#......z.......## .....#
#...#........### .....#
... ###.....5####......#
. .#.....§.###5#.......
..........###<.......
#.........z..z@).......
..##[...#...##.###.....
. #....##..#### ....
...###.... .## ....
#...... .# .. .........
# ...#.....#.
...####...#.. ... #....
..


You could see 2 wights and a friendly shadow imp (summoned).

Vanquished Creatures
  A brain worm (Sewer)
  3 killer bees (D:5)
  A gnoll bouda (D:5)
  2 jellies (D:5)
  An iguana (D:5)
  8 gnolls
  A river rat (Sewer)
  4 adders
  3 ribbon worms
  3 dart slugs
  An orc (D:4)
  12 bats
  2 endoplasms
  6 giant cockroaches
  4 goblins
  8 hobgoblins
  11 jackals
  4 quokkas
  6 ball pythons
  4 frilled lizards
  7 kobolds
  21 rats
113 creatures vanquished.

Vanquished Creatures (collateral kills)
  A gnoll bouda (D:4)
  2 gnolls
3 creatures vanquished.

Grand Total: 116 creatures vanquished

Notes
Turn   | Place    | Note
-------+----------+-------------------------------------------
     0 | D:1      | indyram44 the Demonspawn Gladiator began the quest for the
                  | Orb.
     0 | D:1      | Reached XP level 1. HP: 16/16 MP: 1/1
   184 | D:1      | Gained mutation: A weak demonic guardian rushes to your
                  | aid. [demonic ancestry]
   184 | D:1      | Reached XP level 2. HP: 20/22 MP: 2/2
  1235 | D:2      | Reached skill level 3 in Staves
  1302 | D:2      | Gained mutation: You are partially covered in sharp spines.
                  | [demonic ancestry]
  1302 | D:2      | Reached XP level 3. HP: 25/27 MP: 3/3
  1732 | D:3      | Reached skill level 1 in Armour
  1732 | D:3      | Reached skill level 1 in Invocations
  1764 | D:3      | Found a glowing drain.
  1783 | D:3      | Reached skill level 1 in Earth Magic
  1788 | Sewer    | Entered a sewer
  1817 | Sewer    | Gained mutation: You are partially covered in yellow
                  | scales. (AC +2) [demonic ancestry]
  1817 | Sewer    | Reached XP level 4. HP: 26/34 MP: 4/4
  2181 | Sewer    | Noticed a brain worm
  2188 | Sewer    | Killed a brain worm
  2189 | Sewer    | Reached XP level 5. HP: 32/39 MP: 4/6
  2635 | D:3      | Found a faded altar of an unknown god.
  3171 | D:4      | Gained mutation: You have large cloven feet. [demonic
                  | ancestry]
  3171 | D:4      | Reached XP level 6. HP: 40/46 MP: 7/7
  3619 | D:5      | Entered Level 5 of the Dungeon
  3630 | D:5      | Reached skill level 4 in Staves
  3706 | D:5      | HP: 2/47 [killer bee (3)]
  3709 | D:5      | Gained mutation: You have hoof-like feet. [demonic
                  | ancestry]
  3709 | D:5      | Reached XP level 7. HP: 10/52 MP: 9/9
  3865 | D:5      | Slain by a wight

Illustrated notes

Levels and vault maps discovered:
D:1:      elethiomel_arrival_infinity_welcomes_careful_drivers,
          layout_loops_corners
D:2:      layout_loops_ring
D:3:      layout_basic, shapermc_ecumenical_altar_acropolis,
          gup_sewer_entry_glass, wad_floor_pattern_untrapped,
          serial_bayou_ford_a, minmay_rat_hole
D:4:      wad_lake_hut, layout_rooms
D:5:      layout_cave_pools, minmay_chambers_of_fives

Skill      XL: |  1  2  3  4  5  6  7 |
---------------+----------------------+-----
Throwing       | 2 |  2.0
Staves         | 3 4 |  4.3
Armour         | 1 2 3 |  3.1
Invocations    | 1 2 3 |  3.0
Earth Magic    | 1 2 |  2.1
Dodging        | 3 |  3.6
Fighting       | 3 |  3.4

Action                     |  1- 3 |  4- 6 |  7- 9 || total
---------------------------+-------+-------+-------++-------
  Melee: Quarterstaff      |   111 |   113 |    12 ||   236
         Kick              |       |     7 |     5 ||    12
  Throw: Dart              |     2 |     3 |       ||     5
         Throwing net      |       |     1 |       ||     1
  Evoke: Wand              |       |     1 |       ||     1
    Use: Potion            |       |     2 |       ||     2
   Stab: Held in net/web   |       |     3 |       ||     3
 Armour: Leather armour    |    14 |       |       ||    14
         Ring mail         |    46 |    43 |       ||    89
         Scale mail        |       |    22 |     7 ||    29
  Dodge: Dodged            |    64 |    74 |    10 ||   148

Table legend: (Time is in decaauts)
 A = Elapsed time spent in this place.
 B = Non-inter-level travel time spent in this place.
 C = Inter-level travel time spent in this place.
 D = Time resting spent in this place.
 E = Time spent auto-exploring this place.
 F = Levels seen in this place.
 G = Mean time per level.
                   A        B        C        D        E       F      G
               +--------+--------+--------+--------+--------+-----+--------+
         Total |   4102 |   3828 |    274 |    148 |   2493 |   6 |  683.7 |
       Dungeon |   3479 |   3205 |    274 |    134 |   2493 |   5 |  695.8 |
         Sewer |    623 |    623 |      0 |     14 |      0 |   1 |  623.0 |
               +--------+--------+--------+--------+--------+-----+--------+

Top non-repeatable levels by time:
     D:1: 984 daAuts
     D:4: 883 daAuts
     D:2: 760 daAuts
     D:3: 743 daAuts
   Sewer: 623 daAuts
     D:5: 107 daAuts
